[Event "Titled Tuesday Blitz January 04 2022"]
[White "Matinian, Nikita"]
[Black "Holt, Conrad"]
[WhiteFideId "24129100"]
[BlackFideId "2034387"]
[WhiteElo "2422"]
[BlackElo "2586"]
[Result "1/2-1/2"]
[Round "05"]
[TimeControl "180+1"]
[Date "2022.01.04"]
[WhiteClock "0:00:07"]
[BlackClock "0:00:07"]

1. e4 e6 2. d4 d5 3. Nc3 Nf6 4. Bg5 dxe4 5. Nxe4 Be7 6. Bxf6 Bxf6 7. Nf3 Nd7 8. Bd3 c5 9. O-O cxd4 10. Nxf6+ Qxf6 11. Re1 O-O 12. Nxd4 Rd8 13. c3 g6 14. Qe2 Nc5 15. Bc2 Bd7 16. Rad1 Ba4 17. Bxa4 Nxa4 18. Qb5 Nb6 19. a4 Rd5 20. Qb3 Rad8 21. Nf3 Qf4 22. a5 Qa4 23. Qxa4 Nxa4 24. Rb1 Rxa5 25. Ra1 Ra6 26. Ra2 Rdd6 27. g4 Kf8 28. g5 Ke7 29. Kg2 Nc5 30. Rxa6 Rxa6 31. b4 Nd7 32. Re4 Ra3 33. c4 Ra4 34. b5 a6 35. bxa6 bxa6 36. Rh4 Rb4 37. Nd4 Kd6 38. Nc2 Rb2 39. Ne3 a5 40. Rxh7 Ne5 41. Rh8 a4 42. Ra8 Ra2 43. h4 Ke7 44. c5 Kd7 45. Ra6 Kc7 46. Kg3 Nd7 47. Ra7+ Kc6 48. Nc4 Kxc5 49. Rxd7 Kxc4 50. Rxf7 a3 51. Ra7 Kb3 52. h5 gxh5 53. g6 Ra1 54. Kg2 Rc1 55. g7 Rc8 56. Rb7+ Ka2 57. Rf7 Rg8 58. Kh3 Kb2 59. Kh4 a2 60. Rb7+ Kc3 61. Rc7+ Kd3 62. Ra7 Rxg7 63. Rxa2 e5 64. Kxh5 e4 65. Kh4 Rg8 66. Kh3 Kd4 67. Re2 Kd3 68. Re3+ Kd4 69. Rg3 Rf8 70. Kg2 Rf7 71. Re3 Rf8 72. Kf1 Rf7 73. Rb3 Ke5 74. Ke2 Kf4 75. Rh3 Rb7 76. Rh4+ Kf5 77. Rh5+ Kf4 78. Rh4+ Kf5 79. Rh5+ Kf4 80. Rh4+ 1/2-1/2


[Site "https://www.chess.com"]

[Event "Titled Tuesday Blitz January 04 2022"]
[White "Migot, Tangi"]
[Black "Timofeev, Artyom"]
[WhiteFideId "662445"]
[BlackFideId "4140419"]
[WhiteElo "2529"]
[BlackElo "2583"]
[Result "0-1"]
[Round "05"]
[TimeControl "180+1"]
[Date "2022.01.04"]
[WhiteClock "0:00:03"]
[BlackClock "0:00:20"]

1. e4 c5 2. Nf3 Nc6 3. Bb5 d6 4. O-O Bd7 5. Re1 a6 6. Bf1 Nf6 7. c3 Bg4 8. d4 Bxf3 9. gxf3 cxd4 10. cxd4 e5 11. d5 Nb8 12. Qb3 Be7 13. Qxb7 Nbd7 14. Be3 O-O 15. Qb3 Nh5 16. Bh3 Nc5 17. Qc2 Bg5 18. b4 Nd7 19. Bxd7 Bxe3 20. fxe3 Qxd7 21. Nd2 Rac8 22. Qd3 f5 23. exf5 Rxf5 24. Rac1 Rcf8 25. Kh1 Nf6 26. Rg1 Rh5 27. Rg3 Qf7 28. Rcg1 g6 29. Ne4 Nxe4 30. Qxe4 Rf5 31. Rc1 Qb7 32. a4 Qd7 33. Rc6 Qe7 34. Rxa6 Rg5 35. Rxg5 Qxg5 36. Rc6 Qh5 37. Rxd6 Rxf3 38. Rd8+ Kg7 39. Kg2 Rf5 40. Rd7+ Kh6 41. Qd3 Qf3+ 42. Kg1 Qf2+ 43. Kh1 Qe1+ 44. Kg2 Rf2+ 45. Kh3 Qg1 46. Rc7 Rxh2# 0-1


[Site "https://www.chess.com"]

[Event "Titled Tuesday Blitz January 04 2022"]
[White "Moroni, Luca Jr"]
[Black "Harshavardhan G B"]
[WhiteFideId "865834"]
[BlackFideId "25059009"]
[WhiteElo "2573"]
[BlackElo "1831"]
[Result "0-1"]
[Round "05"]
[TimeControl "180+1"]
[Date "2022.01.04"]
[WhiteClock "0:00:02"]
[BlackClock "0:00:28"]

1. d4 d5 2. Bf4 c5 3. e3 Nc6 4. Nf3 Nf6 5. Nbd2 g6 6. c3 Bg7 7. h3 O-O 8. Be2 b6 9. O-O Nd7 10. Bg3 Bb7 11. Qb3 Qc8 12. Rac1 Re8 13. Rfe1 e5 14. dxe5 Ncxe5 15. Nxe5 Nxe5 16. Nf3 Qf5 17. Nxe5 Bxe5 18. Bxe5 Qxe5 19. Bf3 Rad8 20. Rcd1 Re7 21. Rd2 d4 22. Bxb7 Rxb7 23. cxd4 cxd4 24. Red1 Rbd7 25. Rd3 dxe3 26. fxe3 Rxd3 27. Rxd3 Rxd3 28. Qxd3 Qxb2 29. Qc4 Kg7 30. e4 b5 31. Qd5 b4 32. e5 Qc3 33. Kh2 Qe3 34. Qd6 Qf4+ 35. Kh1 a5 36. Qd5 Qc1+ 37. Kh2 Qc7 38. Kh1 a4 39. e6 fxe6 40. Qxe6 h5 41. Qd5 Qa7 42. Qe5+ Kh7 43. Qb2 Qc5 44. Qd2 Qe7 45. Qc2 b3 46. axb3 a3 47. Qa2 Qb4 48. Qc2 Qd4 49. Qc7+ Qg7 50. Qa5 Qa1+ 51. Kh2 a2 52. Qa7+ Kh6 53. Qe3+ Kh7 54. Qa7+ Kg8 55. Qa8+ Kf7 56. Qa7+ Ke6 57. Qb6+ Kd5 58. Qb5+ Kd4 59. Qc4+ Ke3 60. Qe6+ Kd2 61. Qd5+ Kc1 62. Qc4+ Kb1 63. Qf1+ Kb2 64. Qf6+ Kb1 65. Qf1+ Kb2 66. Qf6+ Kb1 67. Qxg6+ Kc1 68. Qg5+ Kc2 69. Qf5+ Kxb3 70. Qb5+ Kc2 71. Qe2+ Kb3 72. Qb5+ Ka3 73. Qa5+ Kb2 74. Qe5+ Kb1 75. Qe4+ Kb2 76. Qd4+ Kb1 77. Qd3+ Kb2 78. Qb5+ Kc2 79. Qa4+ Kd3 80. Qa6+ Ke4 81. Qa4+ Kf5 82. Qc2+ Kf6 83. Qc6+ Kg7 84. Qd7+ Kg6 85. Qe8+ Kh6 86. Qe3+ Kh7 87. Qe4+ Kg7 88. Qb7+ Kf6 89. Qc6+ Ke5 90. Qe8+ Kd5 91. Qxh5+ Qe5+ 92. Qxe5+ Kxe5 0-1


[Site "https://www.chess.com"]

[Event "Titled Tuesday Blitz January 04 2022"]
[White "Moskalenko, Alexander"]
[Black "Theodorou, Nikolas"]
[WhiteFideId "4155351"]
[BlackFideId "4262875"]
[WhiteElo "2515"]
[BlackElo "2472"]
[Result "1-0"]
[Round "05"]
[TimeControl "180+1"]
[Date "2022.01.04"]
[WhiteClock "0:01:32"]
[BlackClock "0:00:16"]

1. c4 Nf6 2. g3 g6 3. Bg2 Bg7 4. d4 O-O 5. Nc3 d6 6. Nf3 Nc6 7. O-O e5 8. dxe5 dxe5 9. Bg5 h6 10. Qxd8 Rxd8 11. Bxf6 Bxf6 12. Nd5 Kg7 13. Nxc7 Rb8 14. Nd5 e4 15. Nd2 e3 16. fxe3 Bxb2 17. Rab1 Ba3 18. Nb3 Ne5 19. Rf4 g5 20. Rd4 Be6 21. c5 Nc6 22. Ra4 Bxc5 23. Nxc5 Bxd5 24. Rxb7 Bxg2 25. Ne6+ Kg6 26. Nxd8 Rxd8 27. Kxg2 f6 28. Ra6 Ne5 29. Re7 Kf5 30. e4+ Kxe4 31. Rxf6 Kd4 32. Rxh6 Ng4 33. Ra6 Ne3+ 34. Rxe3 Kxe3 35. Rxa7 Kxe2 36. Ra5 g4 37. Ra4 Rg8 38. Rb4 Ke3 39. a4 Kd3 40. a5 Ra8 41. Ra4 Ra6 42. Rxg4 Rxa5 43. h4 Ke3 44. Rf4 Ra8 45. Kh3 Rh8 46. Rf7 Ke4 47. g4 Ke5 48. h5 Ke6 49. Rf1 Rf8 50. Rxf8 Ke7 51. Rf1 Kd6 52. Kg2 Kc5 53. Kg1 Kd4 54. Re1 Kc3 55. Kf1 Kd2 56. g5 Kd3 57. g6 Kd4 58. h6 Kc5 59. g7 Kc6 60. h7 Kb6 61. Ke2 Kb7 62. Kd3 Ka6 63. Kc4 Kb6 64. Re6+ Kc7 65. Kd5 Kd7 66. g8=Q Kc7 67. Qg7+ 1-0


[Site "https://www.chess.com"]

[Event "Titled Tuesday Blitz January 04 2022"]
[White "Nakamura, Hikaru"]
[Black "Gvanceladze, Anna"]
[WhiteFideId "2016192"]
[BlackFideId "4113721"]
[WhiteElo "2850"]
[BlackElo "2048"]
[Result "1-0"]
[Round "05"]
[TimeControl "180+1"]
[Date "2022.01.04"]
[WhiteClock "0:01:34"]
[BlackClock "0:00:06"]

1. Nf3 c5 2. e4 g6 3. c3 d5 4. e5 Nc6 5. Bb5 e6 6. d4 Qb6 7. Ba4 Bd7 8. O-O Bg7 9. Bxc6 bxc6 10. dxc5 Qxc5 11. Be3 Qa5 12. b4 Qb5 13. a4 Qb7 14. Nbd2 Ne7 15. Bc5 Bc8 16. Nb3 O-O 17. a5 f6 18. exf6 Bxf6 19. Bd4 Qc7 20. Re1 Nf5 21. Bxf6 Rxf6 22. Nc5 Bd7 23. Ne5 Be8 24. Ng4 Rf7 25. Nxe6 Qd6 26. Nc5 h5 27. Re6 Qf4 28. Nf6+ Kf8 29. Qe2 Ng7 30. Rxe8+ Nxe8 31. Ne6+ Ke7 32. Nxf4+ 1-0


[Site "https://www.chess.com"]

[Event "Titled Tuesday Blitz January 04 2022"]
[White "Nepomniachtchi, Ian"]
[Black "Piesik, Piotr"]
[WhiteFideId "4168119"]
[BlackFideId "1136194"]
[WhiteElo "2740"]
[BlackElo "2232"]
[Result "0-1"]
[Round "05"]
[TimeControl "180+1"]
[Date "2022.01.04"]
[WhiteClock "0:00:26"]
[BlackClock "0:00:11"]

1. e4 c6 2. f3 g6 3. d4 Bg7 4. Be3 d5 5. Nc3 dxe4 6. fxe4 Nf6 7. Nf3 Ng4 8. Bg1 e5 9. d5 O-O 10. h3 Nf6 11. Bc4 b5 12. Bb3 b4 13. Na4 cxd5 14. exd5 e4 15. Ne5 Nh5 16. Nc6 Qg5 17. Qd2 Qxd2+ 18. Kxd2 Ng3 19. Ne7+ Kh8 20. Bc5 Nxh1 21. Rxh1 Nd7 22. Bxb4 Nb6 23. Nxb6 axb6 24. c3 f5 25. d6 Bb7 26. Bd5 Bxd5 27. Nxd5 Rxa2 28. Kc2 b5 29. d7 Rd8 30. Nb6 Ra7 31. Rd1 Bf6 32. Rd6 Kg7 33. Kb3 Rb7 34. Ba5 Be7 35. Rd5 Kf7 36. c4 bxc4+ 37. Kxc4 Ke6 38. b4 Rc7+ 39. Kb5 Rdxd7 40. Nxd7 Rxd7 41. Rxd7 Kxd7 42. Ka6 e3 43. b5 f4 44. b6 Kc6 45. b7 Bd6 46. Bb4 Bb8 47. Be7 e2 48. Bb4 g5 49. Be1 h5 50. Bf2 g4 51. hxg4 hxg4 52. Be1 g3 53. Ka5 f3 54. gxf3 g2 55. Kb4 g1=Q 0-1


[Site "https://www.chess.com"]

[Event "Titled Tuesday Blitz January 04 2022"]
[White "Nguyen, Ngoc Truong Son"]
[Black "Punin, Andrii"]
[WhiteFideId "12401110"]
[BlackFideId "14112639"]
[WhiteElo "2596"]
[BlackElo "2357"]
[Result "0-1"]
[Round "05"]
[TimeControl "180+1"]
[Date "2022.01.04"]
[WhiteClock "0:00:08"]
[BlackClock "0:00:27"]

1. d4 Nf6 2. Nf3 d5 3. Bf4 c5 4. e3 Nc6 5. Nbd2 cxd4 6. exd4 a6 7. c3 Bf5 8. Be2 e6 9. Nh4 Bg6 10. Nxg6 hxg6 11. Bf3 Bd6 12. Be3 Qc7 13. g3 Ne7 14. Qe2 Nf5 15. O-O Nxe3 16. Qxe3 O-O 17. Kg2 Rfe8 18. Rfe1 Re7 19. Qd3 Rd8 20. Re2 Qb6 21. Rb1 e5 22. dxe5 Rxe5 23. Rxe5 Bxe5 24. Re1 Bb8 25. Nb3 a5 26. Qd4 Qxd4 27. Nxd4 Kf8 28. Nb5 Re8 29. Rd1 Re5 30. a4 Ke7 31. h4 g5 32. hxg5 Rxg5 33. Kf1 Re5 34. Re1 Rxe1+ 35. Kxe1 Ke6 36. Ke2 g6 37. Bg2 Be5 38. f4 Bd6 39. Bh3+ Ke7 40. Kf3 b6 41. Bf1 Bc5 42. Bd3 Nd7 43. g4 Nb8 44. Nc7 Kd6 45. Nb5+ Ke7 46. Bc2 Nc6 47. Bb3 d4 48. Ke4 dxc3 49. bxc3 Nd8 50. Bd5 Ne6 51. Bxe6 Kxe6 52. Nc7+ Kd6 53. Nd5 f5+ 54. gxf5 gxf5+ 55. Kxf5 Kxd5 0-1


[Site "https://www.chess.com"]

[Event "Titled Tuesday Blitz January 04 2022"]
[White "Nogerbek, Kazybek"]
[Black "Grinev, Valeriy"]
[WhiteFideId "13710427"]
[BlackFideId "14117517"]
[WhiteElo "2478"]
[BlackElo "2345"]
[Result "1/2-1/2"]
[Round "05"]
[TimeControl "180+1"]
[Date "2022.01.04"]
[WhiteClock "0:00:02"]
[BlackClock "0:00:13"]

1. c4 c5 2. Nc3 Nc6 3. g3 g6 4. Bg2 Bg7 5. Nh3 e5 6. O-O d6 7. d3 Nge7 8. a3 a5 9. f4 O-O 10. fxe5 dxe5 11. Kh1 h6 12. Be3 b6 13. Bg1 Be6 14. Nf2 f5 15. e3 Qd7 16. Qe2 Rad8 17. Rae1 Kh7 18. Na4 Qc7 19. Nc3 Rd7 20. Rd1 Rfd8 21. Nh3 Qc8 22. Nf2 Na7 23. e4 Nac6 24. Nd5 Nxd5 25. cxd5 Nd4 26. Qd2 Bg8 27. Nh3 Rf8 28. Bxd4 cxd4 29. Rc1 Rc7 30. Rxc7 Qxc7 31. Rc1 Qd7 32. Nf2 Rc8 33. Rf1 Qc7 34. exf5 gxf5 35. Qd1 Qd7 36. Qf3 Rd8 37. Nh3 Bxd5 38. Qxd5 Qxd5 39. Bxd5 Rxd5 40. Rxf5 Rc5 41. Kg2 a4 42. Rf2 e4 43. dxe4 d3 44. Nf4 Rb5 45. Nxd3 Rb3 46. Rd2 Bd4 47. Kf3 Kg7 48. Kf4 Kf6 49. e5+ Ke6 50. Ke4 Bg1 51. Nf4+ Ke7 52. Re2 Bc5 53. Nd5+ Ke6 54. Nf4+ Ke7 55. Kf5 Rf3 56. Ke4 Rf1 57. Rd2 Rb1 58. Kf5 Be3 59. Ng6+ Ke8 60. Re2 Bd4 61. Rd2 Bxb2 62. Rd3 Rf1+ 63. Nf4 b5 64. Rd5 b4 65. axb4 a3 66. Ra5 Rf3 67. Ra8+ Ke7 68. Ra7+ Kd8 69. Ke4 Rb3 70. e6 Rxb4+ 71. Kd5 Rd4+ 72. Kc5 Re4 73. Kd6 Rd4+ 74. Kc5 Re4 75. Kc6 Be5 76. Nd5 Rc4+ 77. Kb5 Rc8 78. Rxa3 Bd6 79. Rd3 Ke8 80. Rc3 Rxc3 81. Nxc3 Ke7 82. Ne4 Be5 83. Nc5 Kd6 84. Kc4 Bg7 85. g4 Bf8 86. h3 Be7 87. Kd4 Bf6+ 88. Kc4 Be7 89. Kb5 Kd5 90. Nd3 Kxe6 91. Kc4 Kf6 92. Kd4 Kg5 93. Ne5 Bf6 94. Ke4 Bxe5 95. Kxe5 Kh4 96. Kf5 Kxh3 97. g5 hxg5 98. Kxg5 1/2-1/2


[Site "https://www.chess.com"]

[Event "Titled Tuesday Blitz January 04 2022"]
[White "Onyshchuk, Volodymyr"]
[Black "Bellissimo, Joseph F."]
[WhiteFideId "14114038"]
[BlackFideId "2609843"]
[WhiteElo "2642"]
[BlackElo "2061"]
[Result "1-0"]
[Round "05"]
[TimeControl "180+1"]
[Date "2022.01.04"]
[WhiteClock "0:01:07"]
[BlackClock "0:00:13"]

1. g3 Nf6 2. Bg2 d5 3. b3 b6 4. Bb2 Bb7 5. d3 e6 6. Nd2 c5 7. e3 Nbd7 8. Ne2 Bd6 9. O-O O-O 10. h3 Qc7 11. f4 e5 12. Qe1 Rfe8 13. Qf2 e4 14. d4 c4 15. c3 b5 16. g4 Nf8 17. Ng3 Rac8 18. g5 N6d7 19. Nf5 Ne6 20. Nxd6 Qxd6 21. h4 b4 22. bxc4 dxc4 23. f5 Nef8 24. Rac1 b3 25. axb3 cxb3 26. c4 a5 27. Nxb3 Qb4 28. Qc2 Ba6 29. Nd2 Nb6 30. Bc3 Qe7 31. Qxe4 Qa3 32. Qf4 Nxc4 33. Nxc4 Rxc4 34. Bd2 Rec8 35. Rxc4 Bxc4 36. Rf2 a4 37. h5 Qd3 38. h6 a3 39. Qe5 f6 40. Qe7 Bf7 41. Bd5 Qb1+ 42. Rf1 Qxf1+ 43. Kxf1 gxh6 44. Qxf7+ Kh8 45. Qxf6# 1-0


[Site "https://www.chess.com"]

[Event "Titled Tuesday Blitz January 04 2022"]
[White "Ozen, Bahadir"]
[Black "Svane, Rasmus"]
[WhiteFideId "6337058"]
[BlackFideId "4657101"]
[WhiteElo "2503"]
[BlackElo "2645"]
[Result "1-0"]
[Round "05"]
[TimeControl "180+1"]
[Date "2022.01.04"]
[WhiteClock "0:00:05"]
[BlackClock "0:00:01"]

1. c4 e6 2. Nc3 d5 3. d4 a6 4. c5 Nc6 5. Nf3 f5 6. Bf4 Nf6 7. Ne5 Bd7 8. e3 Be7 9. Nxc6 Bxc6 10. Be2 O-O 11. O-O a5 12. h3 Qd7 13. b3 b6 14. cxb6 cxb6 15. Rc1 Rfc8 16. Rc2 Ne4 17. Nxe4 dxe4 18. Qb1 Ba3 19. Be5 Bd5 20. Bc4 b5 21. Bxd5 exd5 22. Rd1 Rxc2 23. Qxc2 Rc8 24. Qe2 h6 25. f3 a4 26. bxa4 bxa4 27. fxe4 fxe4 28. Rf1 Rf8 29. Rxf8+ Bxf8 30. Qa6 Kf7 31. Kh2 a3 32. Qa8 Qe6 33. Qb7+ Kg6 34. Qa8 Kf7 35. Qb7+ Be7 36. Qa7 Kg6 37. Qb7 h5 38. Qa8 Bg5 39. Qxa3 Kh7 40. Qb3 Qa6 41. Qxd5 Qd3 42. Qf7 Bh6 43. Qf5+ Kg8 44. Bf4 Bxf4+ 45. Qxf4 Qc2 46. a3 Kh7 47. Qf5+ Kh6 48. h4 g6 49. Qf8+ Kh7 50. Qf7+ Kh6 51. Qf4+ Kh7 52. d5 Qd3 53. d6 Kg8 54. a4 Qd5 55. Qf6 Qc5 56. Qxg6+ Kf8 57. Qf6+ Kg8 58. Qe6+ Kg7 59. d7 Qc7+ 60. Kh3 Qd8 61. Qd6 1-0


[Site "https://www.chess.com"]

[Event "Titled Tuesday Blitz January 04 2022"]
[White "Padmini, Rout"]
[Black "Grischuk, Alexander"]
[WhiteFideId "5029295"]
[BlackFideId "4126025"]
[WhiteElo "2181"]
[BlackElo "2762"]
[Result "0-1"]
[Round "05"]
[TimeControl "180+1"]
[Date "2022.01.04"]
[WhiteClock "0:00:08"]
[BlackClock "0:01:23"]

1. Nf3 c5 2. g3 g6 3. c3 Bg7 4. d4 b6 5. Bg2 Bb7 6. O-O Nf6 7. a4 O-O 8. a5 d6 9. Nbd2 Qc8 10. axb6 axb6 11. Rxa8 Bxa8 12. Qb3 Nbd7 13. Nc4 Qa6 14. Na3 Bd5 15. Qd1 b5 16. Ne1 Bxg2 17. Kxg2 Rb8 18. Nf3 b4 19. cxb4 Rxb4 20. Nc2 Rb8 21. dxc5 Nxc5 22. Re1 Nce4 23. Qd3 Qa8 24. Ne3 e6 25. Qc2 Nd7 26. Kg1 Ndc5 27. Nd2 Nxd2 28. Bxd2 Rxb2 29. Qc1 Nb3 30. Bc3 Nxc1 0-1


[Site "https://www.chess.com"]

[Event "Titled Tuesday Blitz January 04 2022"]
[White "Poormosavi, Seyed Kian"]
[Black "Safarli, Eltaj"]
[WhiteFideId "12585807"]
[BlackFideId "13402129"]
[WhiteElo "2116"]
[BlackElo "2634"]
[Result "0-1"]
[Round "05"]
[TimeControl "180+1"]
[Date "2022.01.04"]
[WhiteClock "0:00:33"]
[BlackClock "0:00:06"]

1. e4 e5 2. Nf3 Nc6 3. c3 d5 4. Bb5 dxe4 5. Nxe5 Qd5 6. Qa4 Ne7 7. f4 exf3 8. Nxf3 a6 9. Be2 Bd7 10. Qb3 O-O-O 11. O-O Be6 12. Qxd5 Bxd5 13. d4 Ng6 14. Bd3 Bd6 15. Ng5 f6 16. Ne4 Rhe8 17. Nxd6+ Rxd6 18. Nd2 Rd7 19. Nf3 Rde7 20. Bd2 Be4 21. Bxe4 Rxe4 22. Rae1 Rxe1 23. Rxe1 Rxe1+ 24. Nxe1 Kd7 25. Kf2 Nge7 26. Nd3 b6 27. g4 Nd8 28. h4 Ne6 29. Kf3 Nd5 30. Be1 b5 31. Bd2 a5 32. Nf2 a4 33. Ne4 Nb6 34. Ng3 Nc4 35. Bc1 c5 36. Ke4 cxd4 37. cxd4 Nd6+ 38. Kd3 Nc7 39. Bf4 g6 40. Bxd6 Kxd6 41. Ne4+ Ke6 42. Nc5+ Kd5 43. Ne4 f5 44. gxf5 gxf5 45. Nf6+ Ke6 46. Nxh7 Nd5 47. Ng5+ Kf6 48. Nf3 Nb4+ 49. Ke3 Nxa2 50. d5 Nb4 51. d6 Nc6 52. Nd4 f4+ 53. Ke4 Nxd4 54. Kxd4 b4 55. h5 a3 56. bxa3 bxa3 57. Kc3 a2 58. Kb2 a1=Q+ 59. Kxa1 f3 0-1


[Site "https://www.chess.com"]

[Event "Titled Tuesday Blitz January 04 2022"]
[White "Roshka, Yevgeniy"]
[Black "Tsydypov, Zhamsaran"]
[WhiteFideId "14129558"]
[BlackFideId "4108566"]
[WhiteElo "2437"]
[BlackElo "2614"]
[Result "1-0"]
[Round "05"]
[TimeControl "180+1"]
[Date "2022.01.04"]
[WhiteClock "0:01:03"]
[BlackClock "0:01:21"]

1. d4 Nf6 2. c4 c5 3. d5 b5 4. cxb5 a6 5. f3 axb5 6. e4 Qa5+ 7. Bd2 b4 8. Na3 d6 9. Nc4 Qc7 10. a3 g6 11. axb4 Rxa1 12. Qxa1 cxb4 13. Bxb4 Bh6 14. Qa5 Qb7 15. Bxd6 O-O 16. Ba3 Re8 17. Bd3 Qb3 18. Qc3 Qa2 19. Kf2 Bg7 20. Qc2 Ba6 21. Ne2 Rc8 22. Nc3 Rxc4 23. Nxa2 Rxc2+ 24. Bxc2 e6 25. dxe6 fxe6 26. Nb4 Bb7 27. Bb3 Kf7 28. Rc1 Ne8 29. Nd3 Nc6 30. Bxe6+ Kxe6 31. Nc5+ Kf7 32. Nxb7 Ne5 33. Ke2 Bh6 34. Rc8 Nf6 35. Rc7+ Kg8 36. b4 Nh5 37. g3 Nf6 38. b5 1-0


[Site "https://www.chess.com"]

[Event "Titled Tuesday Blitz January 04 2022"]
[White "Rubinstein_Akiba"]
[Black "Pranav, V"]
[BlackFideId "25060783"]
[WhiteElo "2629"]
[BlackElo "2349"]
[Result "0-1"]
[Round "05"]
[TimeControl "180+1"]
[Date "2022.01.04"]
[WhiteClock "0:00:06"]
[BlackClock "0:00:06"]

1. e4 e5 2. Nf3 Nc6 3. Bb5 a6 4. Ba4 d6 5. Bxc6+ bxc6 6. d4 exd4 7. Qxd4 Ne7 8. Nc3 Ng6 9. Be3 c5 10. Qd3 Be7 11. h4 h5 12. g3 Bg4 13. Nh2 Ne5 14. Qf1 Nf3+ 15. Nxf3 Bxf3 16. Rg1 Bf6 17. Qd3 O-O 18. Bg5 Bg4 19. f3 Be6 20. Bxf6 Qxf6 21. O-O-O Rab8 22. Kb1 Rb4 23. Ka1 Rfb8 24. Rb1 a5 25. a3 Rd4 26. Qe3 Rc4 27. g4 hxg4 28. fxg4 Qd4 29. Qe1 Qe5 30. h5 f6 31. Qe3 Qg5 32. Qe2 Bf7 33. Rgf1 Qe5 34. Rf5 Qe6 35. Rd5 Rd4 36. Rd1 Rxd1+ 37. Qxd1 Qe8 38. Rf5 Be6 39. Rf4 Bf7 40. Rf5 Qe7 41. Qd2 c6 42. h6 Be6 43. Rf2 g6 44. Qf4 Rf8 45. Rd2 g5 46. Qg3 Kh7 47. Rxd6 Rd8 48. Rxd8 Qxd8 49. b3 Qd4 50. Kb2 Kxh6 51. Qh2+ Kg7 52. Qc7+ Qd7 53. Qxa5 Bxg4 54. Qxc5 Bf3 55. e5 g4 56. exf6+ Kxf6 57. Qe3 Qf5 58. Qd4+ Kg6 59. Qd6+ Qf6 60. Qg3 Kf5 61. a4 Qd4 62. a5 Qa7 63. b4 Qd4 64. Kb3 Bd5+ 65. Kb2 Qxb4+ 66. Kc1 Bf3 67. Kd2 Qxa5 68. Qf2 Qd8+ 69. Kc1 Qg5+ 70. Kb2 Qe7 71. Qe3 Qxe3 72. Nd1 Bxd1 0-1


[Site "https://www.chess.com"]

[Event "Titled Tuesday Blitz January 04 2022"]
[White "Samadov, Read"]
[Black "Hjartarson, Johann"]
[WhiteFideId "13417444"]
[BlackFideId "2300044"]
[WhiteElo "2084"]
[BlackElo "2484"]
[Result "1-0"]
[Round "05"]
[TimeControl "180+1"]
[Date "2022.01.04"]
[WhiteClock "0:00:12"]
[BlackClock "0:00:05"]

1. d4 Nf6 2. c4 g6 3. Nc3 Bg7 4. g3 d5 5. Bg2 dxc4 6. Qa4+ Nbd7 7. Qxc4 O-O 8. Nf3 Nb6 9. Qd3 c6 10. O-O Be6 11. Rd1 Qc8 12. Bf4 Rd8 13. Rac1 Bh3 14. e4 Bxg2 15. Kxg2 h6 16. Qe2 Qe6 17. a4 a5 18. h3 g5 19. Bc7 Nbd7 20. Bxd8 Rxd8 21. e5 Nd5 22. Ne4 Nb4 23. Nc3 Nb6 24. h4 g4 25. Nh2 h5 26. f3 gxf3+ 27. Nxf3 N6d5 28. Ng5 Qg6 29. Nxd5 Nxd5 30. Rf1 Rf8 31. Rf3 Bh6 32. Rcf1 Bxg5 33. hxg5 Qxg5 34. Qf2 Qg6 35. Rh1 e6 36. Rh4 f5 37. exf6 Rxf6 38. Rxf6 Nxf6 39. Rf4 Kg7 40. Qe2 Nd5 41. Qe5+ Kg8 42. Rf2 Kh7 43. Kh2 b5 44. axb5 cxb5 45. Qb8 Ne3 46. Qc7+ Kh6 47. Qf4+ Qg5 48. Qxg5+ Kxg5 49. Re2 Nf5 50. Rxe6 Nxd4 51. Re5+ Kg6 52. Rd5 Nf3+ 53. Kg2 Ng5 54. Rxb5 1-0


[Site "https://www.chess.com"]

[Event "Titled Tuesday Blitz January 04 2022"]
[White "Sanal, Vahap"]
[Black "Maly, Alexey"]
[WhiteFideId "6300545"]
[BlackFideId "14103184"]
[WhiteElo "2603"]
[BlackElo "2266"]
[Result "1-0"]
[Round "05"]
[TimeControl "180+1"]
[Date "2022.01.04"]
[WhiteClock "0:00:19"]
[BlackClock "0:00:06"]

1. e4 c6 2. Nf3 d5 3. d3 g6 4. Qe2 Bg7 5. e5 c5 6. Bf4 Nc6 7. h3 Qb6 8. c3 h5 9. g3 Bf5 10. Bg2 e6 11. O-O Nge7 12. Ng5 c4 13. dxc4 dxc4 14. Ne4 Nxe5 15. Na3 O-O 16. Bxe5 Bxe5 17. Nxc4 Qc7 18. Rad1 Rad8 19. Nxe5 Qxe5 20. f4 Qc7 21. Nf6+ Kg7 22. Qe5 Qxe5 23. fxe5 b6 24. Rd4 Rxd4 25. cxd4 Rd8 26. g4 hxg4 27. hxg4 Bc2 28. Rc1 Bd3 29. Rc7 Ng8 30. g5 Nxf6 31. exf6+ Kg8 32. Rxa7 Rxd4 33. Ra8+ Kh7 34. Ra7 Kg8 35. Ra8+ Kh7 36. Rf8 Rd7 37. Bc6 Rc7 38. Be8 Bc4 39. Bxf7 b5 40. Bg8+ Kh8 41. Bxe6+ Kh7 42. Bxc4 Rxc4 43. Rb8 Rg4+ 44. Kh2 Rf4 45. Rxb5 Rf2+ 46. Kg3 Rf1 47. a4 Kg8 48. a5 Kh8 49. a6 Ra1 50. f7 Kg7 51. Rb6 Kxf7 52. b4 Ra4 53. b5 Ra5 54. Rb7+ Ke6 55. a7 Kf5 56. b6 Ra3+ 57. Kf2 Kxg5 58. Rb8 Ra2+ 59. Ke3 Ra3+ 60. Kd4 Ra4+ 61. Kc5 Ra5+ 62. Kc6 Rxa7 63. bxa7 1-0


[Site "https://www.chess.com"]

[Event "Titled Tuesday Blitz January 04 2022"]
[White "Sarana, Alexey"]
[Black "Rozen, Eytan"]
[WhiteFideId "24133795"]
[BlackFideId "2816750"]
[WhiteElo "2665"]
[BlackElo "2115"]
[Result "1-0"]
[Round "05"]
[TimeControl "180+1"]
[Date "2022.01.04"]
[WhiteClock "0:01:46"]
[BlackClock "0:00:14"]

1. d4 d5 2. c4 c6 3. Nf3 Nf6 4. Nc3 e6 5. Bg5 dxc4 6. e4 h6 7. Bxf6 Qxf6 8. Bxc4 a6 9. O-O b5 10. Bd3 Bb7 11. a4 Bb4 12. e5 Qe7 13. Qe2 O-O 14. Qe4 g6 15. Qf4 Kg7 16. Ne4 Nd7 17. h4 f5 18. exf6+ Nxf6 19. Ne5 Nh5 20. Qg4 Nf4 21. Ng3 Rf6 22. Bxg6 Nxg6 23. h5 Qe8 24. hxg6 1-0


[Site "https://www.chess.com"]

[Event "Titled Tuesday Blitz January 04 2022"]
[White "Saveljev, Vladislav"]
[Black "Makarian, Rudik"]
[WhiteFideId "4128494"]
[BlackFideId "44105681"]
[WhiteElo "2331"]
[BlackElo "2486"]
[Result "0-1"]
[Round "05"]
[TimeControl "180+1"]
[Date "2022.01.04"]
[WhiteClock "0:01:11"]
[BlackClock "0:01:34"]

1. d4 Nf6 2. Nf3 b6 3. Bf4 Bb7 4. e3 e6 5. Be2 Be7 6. h3 O-O 7. O-O c5 8. a4 a6 9. Nc3 cxd4 10. exd4 d6 11. Bh2 Nbd7 12. Bd3 Rc8 13. Ne4 Nxe4 14. Bxe4 Bxe4 15. c3 Bxf3 16. Qxf3 d5 17. Qe2 Ra8 18. Rfd1 Qc8 19. Rd3 Qc4 20. Qc2 b5 21. Bf4 b4 22. Rg3 bxc3 23. bxc3 g6 24. h4 Nf6 25. Bh6 Ne4 26. Bxf8 Rxf8 27. Rh3 Rc8 28. h5 Qxd4 29. hxg6 hxg6 30. Rf1 Rxc3 31. Qb1 Rxh3 0-1


[Site "https://www.chess.com"]

[Event "Titled Tuesday Blitz January 04 2022"]
[White "Shipov, Sergei"]
[Black "Pichot, Alan"]
[WhiteFideId "4113624"]
[BlackFideId "110973"]
[WhiteElo "2762"]
[BlackElo "2543"]
[Result "1-0"]
[Round "05"]
[TimeControl "180+1"]
[Date "2022.01.04"]
[WhiteClock "0:00:17"]
[BlackClock "0:00:03"]

1. d4 Nf6 2. c4 e6 3. Nc3 Bb4 4. Qc2 O-O 5. a3 Bxc3+ 6. Qxc3 b6 7. Bg5 h6 8. Bh4 Bb7 9. e3 d6 10. Ne2 Nbd7 11. Qc2 e5 12. d5 b5 13. cxb5 Bxd5 14. Nc3 Bb7 15. f3 a6 16. bxa6 Bxa6 17. Bxa6 Rxa6 18. O-O Qb8 19. e4 Qb7 20. Kh1 Rb8 21. b4 Qa8 22. Qb3 Ne8 23. Nd5 c6 24. Ne7+ Kf8 25. f4 Ra7 26. h3 Ndf6 27. fxe5 dxe5 28. Nf5 Nxe4 29. Qc2 c5 30. Rae1 N8f6 31. Bxf6 Nxf6 32. Qxc5+ Kg8 33. Qxe5 Rxa3 34. Nxh6+ gxh6 35. Qxf6 Rxh3+ 36. Kg1 Qa7+ 37. Rf2 Rg3 38. Qxh6 Rg6 39. Qf4 Rf8 40. Re3 Qa1+ 41. Rf1 Qg7 42. Rf2 Ra8 43. Rh3 Re8 44. Kh2 Qe5 45. Qxe5 Rxe5 46. Rhf3 Re7 47. Rf4 Rb7 48. g4 Kg7 49. Kg3 f6 50. Rc2 Rb6 51. Rc5 Kh6 52. b5 Rg5 53. Rff5 Rg6 54. Kf4 Kg7 55. Rc7+ Kg8 56. Rfc5 Rg7 57. Kf5 Rxc7 58. Rxc7 Rxb5+ 59. Kxf6 Rb6+ 60. Kf5 1-0


[Site "https://www.chess.com"]

[Event "Titled Tuesday Blitz January 04 2022"]
[White "Sorokin, Aleksey"]
[Black "Panesar Vedant"]
[WhiteFideId "24176460"]
[BlackFideId "35033018"]
[WhiteElo "2476"]
[BlackElo "1971"]
[Result "0-1"]
[Round "05"]
[TimeControl "180+1"]
[Date "2022.01.04"]
[WhiteClock "0:01:04"]
[BlackClock "0:01:28"]

1. e4 e5 2. Nf3 Nc6 3. Bb5 a6 4. Ba4 Nf6 5. O-O b5 6. Bb3 Bc5 7. c3 d6 8. d4 Bb6 9. a4 Rb8 10. a5 Ba7 11. h3 Bb7 12. Bg5 h6 13. Bh4 g5 14. dxe5 dxe5 15. Qxd8+ Rxd8 16. Bg3 Nxe4 17. Bxe5 Nxe5 18. Nxe5 O-O 19. Bc2 Rfe8 20. Bxe4 Bxe4 21. Ng4 Kg7 22. Re1 h5 23. Ne3 Kg6 24. Nf1 Bd3 25. Nbd2 g4 26. hxg4 hxg4 27. Rxe8 Rxe8 28. Ng3 f5 29. Ndf1 f4 30. Nh1 Re2 31. Rd1 Bc4 32. Rd7 Re1 33. Rxc7 g3 0-1


[Site "https://www.chess.com"]